 Dungeon Crawl Stone Soup version 0.28-a0-1182-g381e24db82 (webtiles) character file.

Game seed: 3977103829180008174

89 fragbeetle the Ruffian (level 4, -1/35 HPs)
             Began as a Draconian Transmuter on Dec 17, 2021.
             Was an Initiate of Makhleb.
             Succumbed to a water moccasin's poison
             ... on level 4 of the Dungeon.
             The game lasted 00:06:09 (2868 turns).

fragbeetle the Ruffian (Draconian Transmuter)       Turns: 2868, Time: 00:06:10

Health: -1/35      AC:  5    Str: 14    XL:     4   Next: 31%
Magic:  6/7        EV: 12    Int: 14    God:    Makhleb [......]
Gold:   146        SH:  0    Dex: 11    Spells: 3/7 levels left

rFire   . . .      SeeInvis .     - Unarmed
rCold   . . .      Faith    .   (no shield)
rNeg    . . .      Spirit   .   (armour unavailable)
rPois   .          Reflect  .   (helmet currently unavailable)
rElec   .          Harm     .   (no cloak)
rCorr   .          Rampage  .   (no gloves)
Will    .....                   (boots currently unavailable)
Stlth   +.........              (no amulet)
HPRegen 0.11/turn               (no ring)
MPRegen 0.10/turn               (no ring)

@: lethally poisoned (-1 -> -32), appendages
A: horns 2, talons 2, AC +5, unfitting armour, cold-blooded
a: End Transformation, Renounce Religion


You were on level 4 of the Dungeon.
You worshipped Makhleb.
Makhleb was noncommittal.
You had temporarily grown beastly horns and talons.
You visited 2 branches of the dungeon, and saw 5 of its levels.

You collected 146 gold pieces.

Inventory:

Hand Weapons
 d - a +0 hunting sling
Missiles
 c - 4 stones
Scrolls
 a - a scroll of noise
 e - 2 scrolls of vulnerability {unknown}
 f - a scroll of silence {unknown}
 i - a scroll of teleportation {unknown}
Potions
 b - 2 potions of flight {unknown}
 g - 2 potions of heal wounds {unknown}
 h - a potion of lignification {unknown}


   Skills:
 - Level 1.1 Fighting
 - Level 1.7 Dodging
 + Level 4.0 Unarmed Combat
 - Level 2.0 Spellcasting
 + Level 3.3 Transmutations
 + Level 1.2 Poison Magic


You had 3 spell levels left.
You knew the following spells:

 Your Spells              Type           Power      Damage    Failure   Level
a - Beastly Appendage     Tmut           20%        N/A       6%          1
b - Spider Form           Tmut/Pois      7%         N/A       28%         3

Your spell library contained the following spells:

 Spells                   Type           Power      Damage    Failure   Level
 Wereblood                Tmut           10%        N/A       9%          2
 Animate Skeleton         Necr           2%         N/A       24%         1
 Apportation              Tloc           2%         N/A       24%         1
 Summon Small Mammal      Summ           4%         N/A       24%         1
 Portal Projectile        Hex/Tloc       2%         N/A       56%         3
 Ice Form                 Ice/Tmut       6%         N/A       75%         4
 Blade Hands              Tmut           5%         N/A       86%         5
 Excruciating Wounds      Necr           0%         N/A       100%        5


Dungeon Overview and Level Annotations

Branches:
Dungeon (4/15)             Temple (1/1) D:4

Altars:
Ashenzari
Cheibriados
Dithmenos
Elyvilon
Fedhas
Gozag
Hepliaklqana
Kikubaaqudgha
Makhleb
Okawaru
Qazlal
Ru
Sif Muna
Trog
Uskayaw
Vehumet
Wu Jian
Xom
Yredelemnul
Zin
The Shining One

Annotations:
D:3 Sigmund


Innate Abilities, Weirdness & Mutations

You have temporarily grown beastly horns and talons.
Your plain brown scales are hard. (AC +5)
You cannot fit into any form of body armour.
You are cold-blooded and may be slowed by cold attacks.


Message History

You barely miss the water moccasin. Your kick misses the water moccasin.
You headbutt the water moccasin!
The water moccasin is moderately wounded.
The water moccasin closely misses you. The water moccasin bites you.
You hit the water moccasin but do no damage.
The water moccasin is moderately wounded.
Your horns disappear.
Your talons disappear.
The water moccasin bites you but does no damage.
You miss the water moccasin.
The water moccasin is moderately wounded.
The water moccasin bites you but does no damage.
You grow a pair of large bovine horns.
Your feet morph into talons.
The water moccasin bites you but does no damage.
The water moccasin closely misses you.
You barely miss the water moccasin.
The water moccasin is moderately wounded.
The water moccasin bites you.
You are poisoned.
The water moccasin poisons you!
You barely miss the water moccasin. Your kick misses the water moccasin.
The water moccasin is moderately wounded.
You feel very sick. The water moccasin bites you.
You barely miss the water moccasin. Your kick misses the water moccasin.
The water moccasin is moderately wounded.
You feel very sick. The water moccasin misses you.
The water moccasin bites you.
You are more poisoned.
The water moccasin poisons you!
You barely miss the water moccasin.
The water moccasin is moderately wounded.
* * * LOW HITPOINT WARNING * * *
You feel very sick. The water moccasin bites you.
* * * LOW HITPOINT WARNING * * *
You are more poisoned.
The water moccasin poisons you!
You hit the water moccasin. You headbutt the water moccasin.
The water moccasin is moderately wounded.
You die...

.........⌠.>.⌠.#...
....##.#..........##
.....#.....⌠.......##
..............#.....
.#.#.....#....#....##
#######.†##..###....##
# #......##...#......#
##.....####.........#
#.....†#####...@..#.#
...............#S..#.##
......#....#...##.....#
..#...#....##..##..#..#
.##.###....##........##
#. #.....##.......## .
......##...##..## .
.#..............#
##.#............#


You could see a water moccasin.

Vanquished Creatures
  A gnoll (D:1)
  2 adders
  2 dart slugs
  5 ball pythons
  6 endoplasms
  3 giant cockroaches (D:2)
  6 goblins
  9 hobgoblins
  3 quokkas (D:1)
  6 bats
  3 frilled lizards
  2 kobolds (D:1)
  5 rats
53 creatures vanquished.

Notes
Turn   | Place    | Note
-------+----------+-------------------------------------------
     0 | D:1      | fragbeetle the Draconian Transmuter began the quest for the
                  | Orb.
     0 | D:1      | Reached XP level 1. HP: 16/16 MP: 3/3
   103 | D:1      | Found a faded altar of an unknown god.
   339 | D:1      | Reached XP level 2. HP: 23/23 MP: 3/5
   902 | D:1      | Reached XP level 3. HP: 22/28 MP: 4/6
   906 | D:1      | Learned a level 3 spell: Spider Form
  2104 | D:3      | Reached XP level 4. HP: 35/35 MP: 5/7
  2149 | D:3      | Reached skill level 1 in Poison Magic
  2151 | D:3      | Noticed Sigmund
  2218 | D:3      | You fall into a shaft and drop 1 floor!
  2308 | D:4      | Reached skill level 4 in Unarmed Combat
  2339 | D:4      | Found a staircase to the Ecumenical Temple.
  2363 | Temple   | Entered the Ecumenical Temple
  2596 | Temple   | Became a worshipper of Makhleb the Destroyer
  2851 | D:4      | Noticed a water moccasin
  2868 | D:4      | Succumbed to a water moccasin's poison

Illustrated notes

Levels and vault maps discovered:
D:1:      minmay_arrival_stone_box, layout_basic,
          shapermc_ecumenical_altar_hornbeckon
D:2:      layout_loops_cross
D:3:      layout_basic, uniq_sigmund
D:4:      layout_cave_pools, temple_fountains, minmay_door_square
Temple:   mainiacjoe_temple_trianglar_array

Skill      XL: |  1  2  3  4 |
---------------+-------------+-----
Transmutations | 3 |  3.3
Poison Magic   | 1 |  1.2
Unarmed Combat | 4 |  4.0
Fighting       | |  1.1
Dodging        | |  1.7
Spellcasting   | |  2.0

Action                   |  1- 3 |  4- 6 || total
-------------------------+-------+-------++-------
Melee: Unarmed           |   106 |    27 ||   133
       Kick              |    21 |     4 ||    25
       Headbutt          |     5 |     5 ||    10
       Tailslap          |     6 |     4 ||    10
       Punch             |     1 |       ||     1
 Cast: Beastly Appendage |    28 |     7 ||    35
  Use: Scroll            |       |     1 ||     1
Armor: Skin              |    36 |     6 ||    42
Dodge: Dodged            |    65 |    14 ||    79

Table legend: (Time is in decaauts)
 A = Elapsed time spent in this place.
 B = Non-inter-level travel time spent in this place.
 C = Inter-level travel time spent in this place.
 D = Time resting spent in this place.
 E = Time spent auto-exploring this place.
 F = Levels seen in this place.
 G = Mean time per level.
                   A        B        C        D        E       F      G
               +--------+--------+--------+--------+--------+-----+--------+
         Total |   2869 |   2752 |    117 |    206 |   1844 |   5 |  573.8 |
       Dungeon |   2462 |   2345 |    117 |    206 |   1466 |   4 |  615.5 |
        Temple |    406 |    406 |      0 |      0 |    378 |   1 |  406.0 |
               +--------+--------+--------+--------+--------+-----+--------+

Top non-repeatable levels by time:
     D:1: 1205 daAuts
     D:2: 934 daAuts
  Temple: 406 daAuts
     D:4: 232 daAuts
     D:3: 90 daAuts
